 Dungeon Crawl Stone Soup version 0.24.1-8-ga250c9d538 (webtiles) character file.

Game seed: 13636487987574616082, levelgen mode: deterministic

35 Atelerd the Magician (level 3, 0/21 HPs)
             Began as an Octopode Wizard on May 6, 2020.
             Slain by a quokka (1 damage)
             ... on level 2 of the Dungeon.
             The game lasted 00:01:04 (894 turns).

Atelerd the Magician (Octopode Wizard)               Turns: 894, Time: 00:01:04

Health: 0/21       AC:  1    Str:  6    XL:     3   Next: 35%
Magic:  1/7        EV: 13    Int: 21    God:
Gold:   31         SH:  0    Dex: 10    Spells: 7/8 levels left

rFire    . . .     SeeInvis .   d - +0 spear
rCold    . . .     Gourm    .   (no shield)
rNeg     . . .     Faith    .   a - +0 hat
rPois    .         Spirit   .   (no amulet)
rElec    .         Reflect  .   (no ring)
rCorr    .         Harm     .   (no ring)
MR       .....                  (no ring)
Stlth    +++.......             (no ring)
HPRegen  0.07/turn              (no ring)
MPRegen  0.10/turn              (no ring)
                                (no ring)
                                (no ring)

@: no status effects
A: almost no armour, stealthy swim, amphibious, 8 rings, constrict 8, camouflage
1, gelatinous body 1
a: no special abilities


You were on level 2 of the Dungeon.
You were not hungry.

You visited 1 branch of the dungeon, and saw 2 of its levels.

You collected 31 gold pieces.

Inventory:

Hand Weapons
 d - a +0 spear (weapon)
Armour
 a - a +0 hat (worn)
Scrolls
 e - 3 scrolls of fog {unknown}
Potions
 b - 2 potions of haste {unknown}
 f - a potion of degeneration {unknown}
 g - a potion of flight {unknown}
 h - a potion of agility {unknown}
Comestibles
 c - 2 rations


   Skills:
 - Level 2.0 Dodging
 - Level 2.6 Stealth
 + Level 3.3 Spellcasting
 * Level 2.6 Conjurations
   Level 1.0 Summonings
   Level 1.0 Translocations


You had 7 spell levels left.
You knew the following spells:

 Your Spells              Type           Power        Failure   Level  Hunger
a - Magic Dart            Conj           ##..         4%          1    None

Your spell library contained the following spells:

 Spells                   Type           Power        Failure   Level  Hunger
 Blink                    Tloc           N/A          13%         2    ##.....
 Call Imp                 Summ           #.......     13%         2    ##.....
 Slow                     Hex            #.......     19%         2    ##.....
 Conjure Flame            Conj/Fire      #.......     22%         3    ###....
 Mephitic Cloud           Conj/Pois/Air  #.......     26%         3    ###....


Dungeon Overview and Level Annotations

Branches:
Dungeon (1/15)

Altars:


Innate Abilities, Weirdness & Mutations

You cannot wear most types of armour.
You are very stealthy in the water. (Stealth+)
You are amphibious.
You can wear up to eight rings at the same time.
You can use your tentacles to constrict eight enemies at once.
Your skin changes colour to match your surroundings (Stealth+).
Your rubbery body absorbs attacks. (AC +1, EV +1)


Message History

The quokka is moderately wounded.
You constrict the quokka, but do no damage.
The quokka bites you. x2
You are too injured to fight recklessly!
You are too injured to fight recklessly!
You are too injured to fight recklessly!
You are too injured to fight recklessly!
You hit the quokka but do no damage.
The quokka is moderately wounded.
You constrict the quokka. The quokka bites you.
* * * LOW HITPOINT WARNING * * *
You hit the quokka but do no damage.
The quokka is moderately wounded.
You constrict the quokka, but do no damage.
The quokka bites you.
* * * LOW HITPOINT WARNING * * *
You hit the quokka but do no damage.
The quokka is moderately wounded.
You constrict the quokka. The quokka misses you. The quokka bites you.
You die...

###### ##########.#
....(. #...†....†.#
######
........###..#######
..........#..##....#
........#.#..##....###.#
##.....<#.#..#.........#
#......#$#..#....?#####
#......#.#.......#......
........@r..............
......####.............
# #.#.# #...?........$ #
# #.#.#......... #
............... #
##.#.#.#...... #
#........... # .. .. #


You could see a quokka.

Vanquished Creatures
  2 adders (D:2)
  2 giant cockroaches
  A goblin (D:2)
  2 hobgoblins
  A kobold (D:1)
  A quokka (D:2)
  3 bats
  5 frilled lizards (D:2)
  2 rats
19 creatures vanquished.

Notes
Turn   | Place    | Note
-------+----------+-------------------------------------------
     0 | D:1      | Atelerd the Octopode Wizard began the quest for the Orb.
     0 | D:1      | Reached XP level 1. HP: 11/11 MP: 4/4
   735 | D:1      | You fall into a shaft and drop 1 floor!
   746 | D:2      | Reached XP level 2. HP: 17/17 MP: 6/6
   884 | D:2      | Reached XP level 3. HP: 13/21 MP: 1/7
   893 | D:2      | HP: 1/21 [quokka (2)]
   894 | D:2      | Slain by a quokka

Levels and vault maps discovered:
D:1:      psy_arrival_radial01, layout_basic, grunt_decor_fettered, minivault_26
D:2:      layout_basic, minmay_split_cup_large

Skill      XL: |  1  2 |
---------------+-------+-----
Conjurations   | 2 |  2.6
Dodging        | |  2.0
Stealth        | |  2.6
Spellcasting   | |  3.3
Summonings     | |  1.0
Translocations | |  1.0

Action                   || total
-------------------------++-------
Melee: Unarmed           ||    13
       Spear             ||    37
       Constrict         ||    12
       Tentacles         ||     3
 Cast: Magic Dart        ||    15
 Stab: Sleeping          ||     6
Armor: Skin              ||     5
Dodge: Dodged            ||    22
